 Dungeon Crawl Stone Soup version 0.31.0-9-g3a7656b989 (webtiles) character file.

Game seed: 15436365936639130994

1338 leavemydog the Thaumaturge (level 8, -16/43 HPs)
             Began as a Deep Elf Conjurer on Jan 29, 2024.
             Was a Follower of Vehumet.
             Shot with a sling bullet by Joseph (18 damage)
             ... on level 7 of the Dungeon.
             The game lasted 00:12:48 (6779 turns).

leavemydog the Thaumaturge (Deep Elf Conjurer)      Turns: 6779, Time: 00:12:49

Health: -16/43     AC:  5    Str:  6    XL:     8   Next: 35%
Magic:  10/23      EV: 12    Int: 24    God:    Vehumet [*.....]
Gold:   219        SH:  0    Dex: 13    Spells: 19/26 levels left

rFire   . . .        f - staff of conjuration
rCold   . . .        s - orb {guile}
rNeg    . . .        a - +0 robe
rPois   .            v - +0 helmet
rElec   .            n - +0 cloak
rCorr   .            A - +0 pair of gloves
SInv    .            (no boots)
Will    .....        (no amulet)
Stlth   ++           (no ring)
HPRegen 0.27/turn    (no ring)
MPRegen 0.18/turn

%: no passive effects
@: mighty
A: no striking features
a: Renounce Religion


You were on level 7 of the Dungeon.
You worshipped Vehumet.
Vehumet was aware of your devotion.
You visited 2 branches of the dungeon, and saw 8 of its levels.

You collected 219 gold pieces.

Inventory:

Missiles
 h - a throwing net
 t - 2 poisoned darts
Armour
 a - a +0 robe (worn)
 n - a +0 cloak (worn)
 s - an orb of guile (worn)
 v - a +0 helmet (worn)
 A - a +0 pair of gloves (worn)
Magical Staves
 f - a staff of conjuration (weapon)
Jewellery
 j - an amulet of faith
 H - a +5 ring of evasion
Talismans
 w - a maw talisman
Wands
 y - a wand of digging (5)
 B - a wand of mindburst (10)
Scrolls
 d - a scroll of vulnerability {unknown}
 e - 3 scrolls of identify {unknown}
 g - a scroll of enchant armour {unknown}
 k - a scroll of enchant weapon {unknown}
 p - 2 scrolls of butterflies {unknown}
 q - a scroll of noise {unknown}
 r - 4 scrolls of teleportation
 x - a scroll of silence {unknown}
 C - a scroll of amnesia {unknown}
 D - a scroll of blinking {unknown}
 F - a scroll of immolation {unknown}
Potions
 b - 2 potions of magic
 c - a potion of ambrosia {unknown}
 i - 3 potions of enlightenment
 l - a potion of degeneration {unknown}
 m - a potion of attraction {unknown}
 o - a potion of might
 u - 2 potions of heal wounds {unknown}
 z - a potion of berserk rage {unknown}
 E - a potion of curing {unknown}
 G - a potion of lignification {unknown}


   Skills:
 * Level 1.5 Fighting
 - Level 2.4 Dodging
 - Level 2.4 Stealth
 * Level 9.6 Spellcasting
 + Level 8.2 Conjurations
 * Level 3.3 Translocations


You had 19 spell levels left.
You knew the following spells:

 Your Spells              Type           Power      Damage    Failure   Level
a - Magic Dart            Conj           100%       1d8       1%          1
b - Searing Ray           Conj           100%       2d8       1%          2
c - Iskenderun's Mystic   Conj/Tloc      56%        2d12      4%          4

Your spell library contained the following spells:

 Spells                   Type           Power      Damage    Failure   Level
 Sandblast                Erth           22%        2d7       5%          1
 Ensorcelled Hibernation  Hex/Ice        22%        N/A       9%          2
 Fulminant Prism          Conj/Alch      23%        3d12      10%         4
 Fugue of the Fallen      Necr           11%        N/A       17%         3
 Tukima's Dance           Hex            11%        N/A       17%         3
 Dimensional Bullseye     Hex/Tloc       9%         N/A       28%         4
 Anguish                  Hex/Necr       5%         N/A       50%         4


Dungeon Overview and Level Annotations

Branches:
Dungeon (7/15)             Temple (1/1) D:4

Altars:
Ashenzari
Cheibriados
Dithmenos
Elyvilon
Fedhas
Gozag
Hepliaklqana
Kikubaaqudgha
Makhleb
Nemelex Xobeh
Okawaru
Ru
Sif Muna
Trog
Vehumet
Wu Jian
Xom
Yredelemnul
Zin
The Shining One

Shops:
D:7 [

Annotations:
D:6 Sigmund
D:7 Joseph


Message History

The searing ray hits Joseph!
Joseph is moderately wounded.
You finish channelling your searing ray.
Joseph hits you with a +0 quarterstaff!
Casting: Searing Ray (safe; 1% risk of failure)
Confirm with . or Enter, or press ? or * to list all spells.
You feel a surge of power!
You erupt in a blast of force!
The mystic blast hits Joseph!
Joseph is heavily wounded.
Joseph is knocked back by the mystic blast.
You hear a shout!
Casting: Iskenderun's Mystic Blast (dangerous; 4% risk of failure)
Confirm with . or Enter, or press ? or * to list all spells.
You can't see any susceptible monsters within range! (Use Z to cast anyway.)
Casting: Iskenderun's Mystic Blast (dangerous; 4% risk of failure)
Confirm with . or Enter, or press ? or * to list all spells.
Aiming: Searing Ray (safe; 1% risk of failure)
Press: ? - help, Shift-Dir - straight line, f/p - Joseph
Aim: Joseph, wielding a +0 quarterstaff and wearing a +1 ring mail of cold resistance (heavily wounded, 85% to hit)
You feel a surge of power!
The searing ray hits Joseph!
Joseph is severely wounded. (Press . to maintain the ray.) Joseph unwields a +0 quarterstaff.
Joseph wields a +0 sling.
Joseph shoots a sling bullet.
The sling bullet misses you.
The searing ray hits Joseph.
Joseph is severely wounded.
Joseph shoots a sling bullet.
The sling bullet hits you!
* * * LOW HITPOINT WARNING * * *
The searing ray misses Joseph.
Joseph shoots a sling bullet.
The sling bullet misses you.
The searing ray hits Joseph!
Joseph is almost dead.
You finish channelling your searing ray.
Joseph shoots a sling bullet.
The sling bullet hits you!
* * * LOW HITPOINT WARNING * * *
It was a potion of might.
You feel very mighty all of a sudden.
A centaur comes into view.
Joseph shoots a sling bullet.
The sling bullet hits you!!
You die...

..
########......
#.......#
#......
#.......#
#......
.......#
#......
c..@..#
#####.# .....
#.# ... #.#
#'# #.# #@#
#.# #.# #..
#.# ### #.# #
#.# # #.# #
#.# ##########
#.# #.........
#.# #.########


You could see Joseph and a centaur.

Vanquished Creatures
  An ice beast (D:6)
  A centaur (D:7)
  2 ogres
  A bullfrog (D:7)
  3 scorpions
  A bombardier beetle (D:5)
  4 hounds
  An orc priest (D:5)
  3 jellies
  2 sleepcaps (D:5)
  2 iguanas (D:5)
  5 orc wizards
  4 gnolls (D:4)
  11 adders
  A shadow imp (D:5)
  3 white imps
  3 dart slugs
  9 orcs
  10 endoplasms
  A giant cockroach (D:2)
  6 goblins
  9 hobgoblins
  3 jackals (D:1)
  3 quokkas
  10 ball pythons
  3 bats
  8 kobolds
  8 rats
118 creatures vanquished.

Vanquished Creatures (others)
  An arcanist (D:6)
1 creature vanquished.

Grand Total: 119 creatures vanquished

Notes
Turn   | Place    | Note
-------+----------+-------------------------------------------
     0 | D:1      | leavemydog the Deep Elf Conjurer began the quest for the
                  | Orb.
     0 | D:1      | Reached XP level 1. HP: 10/10 MP: 6/6
   141 | D:1      | Reached XP level 2. HP: 15/15 MP: 5/8
   144 | D:1      | Learned a level 2 spell: Searing Ray
   184 | D:1      | Reached skill level 5 in Conjurations
   595 | D:1      | Reached XP level 3. HP: 19/19 MP: 6/9
   926 | D:2      | You fall into a shaft and drop 1 floor!
  1210 | D:2      | Reached XP level 4. HP: 24/24 MP: 9/11
  2668 | D:3      | Reached skill level 4 in Spellcasting
  2786 | D:3      | Learned a level 4 spell: Iskenderun's Mystic Blast
  3067 | D:4      | Reached XP level 5. HP: 28/28 MP: 10/13
  3401 | D:4      | Found a staircase to the Ecumenical Temple.
  3410 | Temple   | Entered the Ecumenical Temple
  3415 | Temple   | Became a worshipper of Vehumet
  3459 | D:4      | Reached skill level 5 in Spellcasting
  3459 | D:4      | Reached skill level 1 in Translocations
  3496 | D:4      | Reached XP level 6. HP: 32/32 MP: 8/16
  3608 | D:4      | Found a hazy altar of Hepliaklqana.
  3774 | D:4      | Found a glowing silver altar of Zin.
  3775 | D:4      | Noticed an angel
  3871 | D:5      | Entered Level 5 of the Dungeon
  4125 | D:5      | Reached skill level 6 in Spellcasting
  4515 | D:5      | Found a shimmering altar of Xom.
  4515 | D:5      | Found a shimmering altar of Xom.
  4516 | D:5      | Found a shimmering altar of Xom.
  4537 | D:5      | Found a shimmering altar of Xom.
  4537 | D:5      | Found a shimmering altar of Xom.
  4538 | D:5      | Found a shimmering altar of Xom.
  4554 | D:5      | Reached XP level 7. HP: 32/36 MP: 8/19
  4662 | D:5      | Reached skill level 7 in Spellcasting
  5173 | D:5      | Reached * piety under Vehumet
  5173 | D:5      | Offered knowledge of Sandblast by Vehumet.
  5176 | D:5      | Reached skill level 8 in Spellcasting
  5883 | D:6      | Reached skill level 1 in Fighting
  5904 | D:6      | Found a bloodstained altar of Trog.
  5905 | D:6      | Noticed a wizard
  5910 | D:6      | Killed a wizard
  5933 | D:6      | Found a broken altar of Ashenzari.
  5997 | D:6      | Reached XP level 8. HP: 29/43 MP: 13/22
  6321 | D:6      | Reached skill level 9 in Spellcasting
  6489 | D:6      | Noticed Sigmund
  6506 | D:7      | Found Viwiff's Armour Boutique.
  6769 | D:7      | Noticed Joseph
  6778 | D:7      | HP: 2/43 [Joseph/sling bullet (9)]
  6779 | D:7      | Shot with a sling bullet by Joseph

Illustrated notes

Levels and vault maps discovered:
D:1:      heliophobic_arrival_enchanted_forest, layout_rooms
D:2:      wad_river_or_something, layout_basic, minivault_24,
          minmay_misc_feat_room
D:3:      layout_basic, st_stairs_14, minmay_diced_spiral
D:4:      layout_loops_ring, nicolae_hepliaklqana_hippocampus, zin_angel,
          minmay_temple_entry_crystal_x, kennysheep_minor_cross
D:5:      layout_basic, xom_redecorated, minmay_liquid_box, minmay_statues_item
D:6:      layout_loops_cross, mainiacjoe_overflow_cross_hatched, trog_wizard,
          uniq_sigmund
D:7:      layout_basic, serial_shops, nicolae_shop_peninsula, minivault_22,
          kennysheep_generic_room_7, uniq_joseph
Temple:   minmay_freezing_vapour_temple

Skill      XL: |  1  2  3  4  5  6  7  8 |
---------------+-------------------------+-----
Conjurations   | 5 6 7 8 |  8.2
Spellcasting   | 4 5 6 8 9 |  9.6
Translocations | 1 2 3 |  3.3
Fighting       | 1 |  1.5
Dodging        | |  2.4
Stealth        | |  2.4

Action                     |  1- 3 |  4- 6 |  7- 9 || total
---------------------------+-------+-------+-------++-------
   Cast: Magic Dart        |    65 |   118 |    74 ||   257
         Searing Ray       |       |     9 |    17 ||    26
         Iskenderun's Myst |       |       |     1 ||     1
    Use: Scroll            |       |     1 |       ||     1
         Potion            |       |       |     2 ||     2
 Armour: Robe              |     2 |    15 |    25 ||    42
  Dodge: Dodged            |       |    10 |    19 ||    29
